 Dungeon Crawl Stone Soup version 0.31.0-32-g396128a36d (webtiles) character file.

Game seed: 3970472737495521543

72 Peloso the Trooper (level 4, -1/41 HPs)
             Began as a Minotaur Fighter on Mar 30, 2024.
             Slain by a goblin
             ... wielding a +0 club
             ... led by Robin
              (4 damage)
             ... on level 2 of the Dungeon.
             The game lasted 00:02:57 (1235 turns).

Peloso the Trooper (Minotaur Fighter)               Turns: 1235, Time: 00:02:58

Health: -1/41      AC: 11    Str: 21    XL:     4   Next: 7%
Magic:  3/3        EV:  6    Int:  5    God:
Gold:   72         SH:  5    Dex: 17    Spells: 3/3 levels left

rFire   . . .        a - +0 long sword
rCold   . . .        c - +0 buckler
rNeg    . . .        l - +0 plate armour
rPois   .            (helmet restricted)
rElec   .            (no cloak)
rCorr   .            (no gloves)
SInv    .            (no boots)
Will    .....        (no amulet) Stlth
                     h - +6 ring of dexterity
HPRegen 0.26/turn    (no ring)
MPRegen 0.08/turn

%: no passive effects
@: no status effects
A: horns 2, retaliatory headbutt
a: no special abilities


You were on level 2 of the Dungeon.
You visited 1 branch of the dungeon, and saw 2 of its levels.

You collected 72 gold pieces.

Inventory:

Hand Weapons
 a - a +0 long sword (weapon)
Armour
 b - a +0 scale mail
 c - a +0 buckler (worn)
 l - a +0 plate armour (worn)
Jewellery
 h - a +6 ring of dexterity (left hand)
Scrolls
 g - 2 scrolls of poison
 i - a scroll of blinking {unknown}
 j - 2 scrolls of identify {unknown}
 k - 2 scrolls of teleportation {unknown}
Potions
 d - 2 potions of might
 e - a potion of attraction


   Skills:
 + Level 4.6 Fighting
 + Level 3.3 Long Blades
 + Level 4.0 Armour
 + Level 0.5 Dodging
 + Level 4.2 Shields


You had 3 spell levels left.
You didn't know any spells.
Your spell library contained the following spells:

 Spells                   Type           Power      Damage    Failure   Level
 Jinxbite                 Hex            0%         N/A       100%        2
 Yara's Violent Unravell  Hex/Alch       0%         3d3       100%        5
 Enfeeble                 Hex            0%         N/A       100%        7


Dungeon Overview and Level Annotations

Branches:
Dungeon (2/15)

Altars:

Shops:
D:1 ?


Innate Abilities, Weirdness & Mutations

You have a pair of horns on your head.
You reflexively headbutt those who attack you in melee.


Message History

You feel very sick.
The goblin no longer looks unusually strong.
The goblin hits you but does no damage. x2; The goblin hits you with a +0 club.
* * * LOW HITPOINT WARNING * * *
You block the goblin's attack.
Your Long Blades skill increases to level 3!
You have reached level 4!
You feel stronger.
You barely miss the goblin. Your headbutt misses the goblin.
The goblin is moderately wounded.
You feel sick.
A goblin comes into view. It is wielding a +0 dagger.
The goblin hits you but does no damage.
A goblin comes into view. It is wielding a +0 club.
You block the goblin's attack.
You hit the goblin.
The goblin is heavily wounded.
You feel sick. The goblin hits you but does no damage.
The goblin barely misses you. You furiously retaliate!
You headbutt the goblin.
You kill the goblin!
Unknown command.
You feel sick.
Items here: )) [[ †.
You slash the goblin!
You kill the goblin!
You feel sick. The goblin hits you with a +0 club.
* * * LOW HITPOINT WARNING * * *
A goblin comes into view. It is wielding a +0 club.
You feel sick.
The goblin shouts!
The goblin hits you with a +0 club.
* * * LOW HITPOINT WARNING * * *
The goblin barely misses you.
Items here: )))) †.
You barely miss the goblin. You headbutt the goblin.
The goblin is moderately wounded.
You feel sick.
You are no longer poisoned.
The goblin hits you but does no damage. The goblin hits you with a +0 club.
You die...

.#.#.#
######################.#
...#.# ....
#..........#...# .....#
..... #.########.#.###
..)..# .....
#.#...####.#.# ....##
...... #.##.......#.#
....#
.g....###.####...###.##
....#
ggg...g.#^#........#..#
....# #g#...#....#.#..#
....# #@###.#.##.#.##.#
....# #)g$..#.........#
....# ####.##.#########
.#### #....# .######
###### ......# ......#
......# ......#


You could see 3 goblins.

Vanquished Creatures
  Robin (D:2)
  An adder (D:2)
  A dart slug (D:1)
  A ribbon worm (D:2)
  9 endoplasms
  A giant cockroach (D:1)
  13 goblins
  5 hobgoblins
  A quokka (D:1)
  A ball python (D:1)
  3 bats
  3 frilled lizards (D:1)
  A kobold (D:1)
  A rat (D:1)
42 creatures vanquished.

Notes
Turn   | Place    | Note
-------+----------+-------------------------------------------
     0 | D:1      | Peloso the Minotaur Fighter began the quest for the Orb.
     0 | D:1      | Reached XP level 1. HP: 19/19 MP: 0/0
   122 | D:1      | Reached XP level 2. HP: 23/27 MP: 1/1
   149 | D:1      | Found Feaj's Magic Scroll Boutique.
   269 | D:1      | Found a faded altar of an unknown god.
   465 | D:1      | Reached XP level 3. HP: 33/33 MP: 2/2
  1206 | D:2      | Noticed Robin
  1229 | D:2      | Killed Robin
  1230 | D:2      | Reached XP level 4. HP: 12/41 MP: 3/3
  1235 | D:2      | Slain by a goblin

Illustrated notes

Levels and vault maps discovered:
D:1:      lightli_arrival_farm, layout_rooms, ebering_ecumenical_altar_webs,
          serial_shops, nicolae_shop_advertising_works
          [nicolae_subvault_shop_adworks], chequers_hall_statues_y,
          minmay_box_of_dots
D:2:      layout_basic, uniq_robin

Skill      XL: |  1  2  3 |
---------------+----------+-----
Fighting       | 4 |  4.6
Armour         | 4 |  4.0
Shields        | 4 |  4.2
Long Blades    | 3 |  3.3
Dodging        | |  0.5

Action                     |  1- 3 |  4- 6 || total
---------------------------+-------+-------++-------
  Melee: Long sword        |    94 |     4 ||    98
         Headbutt          |     9 |     1 ||    10
    Use: Potion            |     3 |       ||     3
         Scroll            |     2 |       ||     2
 Armour: Scale mail        |    37 |       ||    37
         Plate armour      |    41 |     6 ||    47
  Dodge: Dodged            |    34 |     2 ||    36
  Block: Buckler           |    28 |     1 ||    29
